 Dungeon Crawl Stone Soup version 0.31.0-11-ge490571c62 (webtiles) character file.

Game seed: 6664740650732336294

3423 Orangeyouglad the Covert (level 9, -4/45 HPs)
             Began as a Deep Elf Alchemist on Jan 28, 2024.
             Was a Believer of Sif Muna.
             Killed by an exploding wight (33 damage)
             ... ignited by their inner flame
             ... on level 8 of the Dungeon on Jan 29, 2024.
             The game lasted 00:37:28 (9802 turns).

Orangeyouglad the Covert (Deep Elf Alchemist)       Turns: 9802, Time: 00:37:29

Health: -4/45      AC:  7    Str:  7    XL:     9   Next: 76%
Magic:  20/21      EV: 17    Int: 23    God:    Sif Muna [**....]
Gold:   865        SH:  0    Dex: 21    Spells: 3/22 levels left

rFire   . . .        f - +0 shortbow
rCold   . . .        (shield currently unavailable)
rNeg    . . .        a - +0 robe
rPois   +            (no helmet)
rElec   .            x - +2 cloak {rPois}
rCorr   .            n - +0 pair of gloves
SInv    .            h - +0 pair of boots
Will    .....        (no amulet)
Stlth   ++++         r - +6 ring of dexterity
HPRegen 0.27/turn    (no ring)
MPRegen 0.17/turn

%: no passive effects
@: no status effects
A: no striking features
a: Renounce Religion, Channel Magic


You were on level 8 of the Dungeon.
You worshipped Sif Muna.
Sif Muna was pleased with you.
You visited 2 branches of the dungeon, and saw 9 of its levels.

You collected 914 gold pieces.
You spent 49 gold pieces at shops.

Inventory:

Hand Weapons
 f - a +0 shortbow (weapon)
 E - a +5 glaive of protection
Missiles
 D - a curare-tipped dart
Armour
 a - a +0 robe (worn)
 h - a +0 pair of boots (worn)
 n - a +0 pair of gloves (worn)
 x - a +2 cloak of poison resistance (worn)
Jewellery
 r - a +6 ring of dexterity (left hand)
Wands
 w - a wand of digging (5)
 B - a wand of acid (11)
Scrolls
 g - a scroll of immolation
 j - a scroll of acquirement {unknown}
 o - 2 scrolls of vulnerability
 p - a scroll of silence
 q - a scroll of fear {unknown}
 s - 2 scrolls of enchant weapon
 t - 3 scrolls of blinking {unknown}
 u - 2 scrolls of torment {unknown}
 y - a scroll of fog {unknown}
 A - a scroll of teleportation
Potions
 b - a potion of magic
 c - a potion of attraction
 d - 3 potions of enlightenment
 e - a potion of heal wounds
 i - a potion of mutation {unknown}
 k - 2 potions of lignification
 l - a potion of berserk rage
 m - a potion of curing {unknown}
 v - a potion of brilliance {unknown}
 z - a potion of degeneration {unknown}
 C - a potion of might {unknown}


   Skills:
 + Level 7.7 Dodging
 + Level 8.6 Stealth
 - Level 7.0 Spellcasting
 - Level 4.3 Conjurations
 + Level 4.8 Hexes
 - Level 2.7 Fire Magic
 + Level 4.0 Ice Magic
 + Level 7.6 Alchemy


You had 3 spell levels left.
You knew the following spells:

 Your Spells              Type           Power      Damage    Failure   Level
a - Sting                 Conj/Alch      100%       1d9       1%          1
b - Mercury Vapours       Alch/Air       50%        N/A       2%          2
c - Mephitic Cloud        Conj/Alch/Air  26%        N/A       4%          3
d - Sticky Flame          Fire/Alch      31%        2d7       9%          4
e - Inner Flame           Hex/Fire       25%        N/A       4%          3
f - Sculpt Simulacrum     Ice/Alch       17%        N/A       73%         6

Your spell library contained the following spells:

 Spells                   Type           Power      Damage    Failure   Level
 Necrotise                Necr           32%        1d5       8%          1
 Summon Small Mammal      Summ           32%        N/A       8%          1
 Call Canine Familiar     Summ           8%         N/A       22%         3
 Vampiric Draining        Necr           8%         2d6       22%         3
 Olgreb's Toxic Radiance  Alch           43%        N/A       3%          4
 Flame Wave               Conj/Fire      24%        2d8       19%         4
 Summon Blazeheart Golem  Fire/Summ      14%        N/A       41%         4
 Martyr's Knell           Necr/Summ      8%         N/A       58%         4
 Curse of Agony           Necr           8%         N/A       91%         5
 Ozocubu's Refrigeration  Ice            13%        4d10      100%        7
 Polar Vortex             Ice            13%        12d1*     100%        9


Dungeon Overview and Level Annotations

Branches:
Dungeon (8/15)             Temple (1/1) D:4
   Lair: D:8-11

Altars:
Ashenzari
Cheibriados
Elyvilon
Gozag
Hepliaklqana
Kikubaaqudgha
Makhleb
Nemelex Xobeh
Okawaru
Qazlal
Ru
Sif Muna
Trog
Uskayaw
Vehumet
Wu Jian
Xom
Yredelemnul
The Shining One

Shops:
D:3 [

Annotations:
D:4 3 runed translucent doors, bigmatt's ghost, amateur SpAl


Message History

Casting: Inner Flame (dangerous; 4% risk of failure)
Confirm with . or Enter, or press ? or * to list all spells.
Aiming: Inner Flame (dangerous; 4% risk of failure)
Press: ? - help, Dir - move target, f - wight
Aim: a wight, wielding a +4 long sword and wearing a +0 robe (chance to affect: 80%)
The wight is filled with an inner flame.
Fire: f) +0 shortbow
Press: ? - help, Q - select action, (/) - cycle Shift-Dir - straight line, f/p - wight
Aim: a wight, wielding a +4 long sword and wearing a +0 robe (inner flame, 62% to hit)
You shoot an arrow. The arrow barely misses the wight.
Fire: f) +0 shortbow
Press: ? - help, Q - select action, (/) - cycle Shift-Dir - straight line, f/p - wight
Aim: a wight, wielding a +4 long sword and wearing a +0 robe (inner flame, 62% to hit)
You shoot an arrow. The arrow hits the wight!
Flame seeps out of the wight.
The wight is moderately damaged.
The wight is engulfed in blazing flames.
Flame seeps out of the wight.
Fire: f) +0 shortbow
Press: ? - help, Q - select action, (/) - cycle Shift-Dir - straight line, f/p - wight
Aim: a wight, wielding a +4 long sword and wearing a +0 robe (almost destroyed, inner flame, 62% to hit)
You shoot an arrow. The arrow closely misses the wight.
The wight attacks as it pursues you! The wight misses you.
Fire: f) +0 shortbow
Press: ? - help, Q - select action, (/) - cycle Shift-Dir - straight line, f/p - wight
Aim: a wight, wielding a +4 long sword and wearing a +0 robe (almost destroyed, inner flame, 62% to hit)
You shoot an arrow. The arrow closely misses the wight.
The wight hits you with a +4 long sword.
The wight attacks as it pursues you! The wight barely misses you.
The wight attacks as it pursues you!
The wight hits you with a +4 long sword!
The wight attacks as it pursues you! The wight closely misses you.
Fire: f) +0 shortbow
Press: ? - help, Q - select action, (/) - cycle Shift-Dir - straight line, f/p - wight
Aim: a wight, wielding a +4 long sword and wearing a +0 robe (almost destroyed, inner flame, 62% to hit)
You shoot an arrow. The arrow hits the wight.
Sif Muna accepts your kill.
The wight explodes!
The fiery explosion engulfs you!!
Ouch! That really hurt!
You die...

#.# #...## #.# #.#
#.##.. #.# #.#
#######.#### #.# #.#
#........... #.# #.#
#........... #.# #.#
#.#####.#### #.###
##.###.# #.# #
#...####...##.# #.# #
###..ยง)@......# #.# #
######...##.# #.# #
##.###.# #.# #
#####...##.#####.# #
?.................# #
######...##.##########
######...........
############


There were no monsters in sight!

Vanquished Creatures
  A troll (D:8)
  A wyvern (D:7)
  2 water moccasins
  An ice beast (D:7)
  3 black bears
  2 sky beasts (D:7)
  An orc warrior (D:6)
  3 ogres (D:5)
  Blork the orc (D:4)
  A kobold brigand (D:8)
  2 gnoll sergeants
  A bullfrog (D:7)
  2 scorpions (D:6)
  6 wights
  6 killer bees
  4 howler monkeys
  An electric eel (D:8)
  A bombardier beetle (D:3)
  3 hounds
  2 orc priests
  A gnoll bouda (D:7)
  4 iguanas
  8 orc wizards
  13 gnolls
  5 adders
  A white imp (D:7)
  4 ufetubi (D:6)
  2 dart slugs
  3 ribbon worms
  23 orcs
  10 endoplasms
  5 giant cockroaches
  7 hobgoblins
  3 jackals (D:4)
  9 kobolds
  A quokka (D:5)
  7 ball pythons
  3 bats
  A frilled lizard (D:1)
  5 goblins
  10 rats
169 creatures vanquished.

Notes
Turn   | Place    | Note
-------+----------+-------------------------------------------
     0 | D:1      | Orangeyouglad the Deep Elf Alchemist began the quest for
                  | the Orb.
     0 | D:1      | Reached XP level 1. HP: 10/10 MP: 6/6
   204 | D:1      | Reached XP level 2. HP: 14/15 MP: 4/8
   247 | D:1      | Learned a level 2 spell: Mercury Vapours
   700 | D:1      | Reached skill level 3 in Stealth
   704 | D:1      | Reached XP level 3. HP: 19/19 MP: 5/9
  1621 | D:3      | Reached XP level 4. HP: 4/24 MP: 2/11
  1781 | D:3      | Learned a level 3 spell: Mephitic Cloud
  2202 | D:3      | Found a shimmering altar of Xom.
  2380 | D:3      | Found Cumef's Armour Boutique.
  2389 | D:3      | Bought a +0 pair of gloves for 49 gold pieces
  2425 | D:3      | Found a snail-covered altar of Cheibriados.
  2441 | D:3      | Found a radiant altar of Vehumet.
  2589 | D:3      | Reached XP level 5. HP: 28/28 MP: 9/13
  2645 | D:3      | Found a white marble altar of Elyvilon.
  2674 | D:3      | Found a shimmering blue altar of Sif Muna.
  2684 | D:3      | Became a worshipper of Sif Muna the Loreminder
  2891 | D:4      | Found a staircase to the Ecumenical Temple.
  2897 | D:4      | Noticed Blork the orc
  2919 | D:4      | Killed Blork the orc
  2920 | D:4      | Reached skill level 4 in Stealth
  3050 | D:4      | Learned a level 4 spell: Sticky Flame
  3176 | Temple   | Entered the Ecumenical Temple
  3310 | D:4      | Reached XP level 6. HP: 23/32 MP: 10/14
  3550 | D:4      | Found an opulent altar of Gozag.
  3582 | D:4      | Found a runed translucent gate.
  3582 | D:4      | Found a runed translucent gate.
  3582 | D:4      | Found a runed translucent gate.
  3583 | D:4      | Found an opulent altar of Gozag.
  3585 | D:4      | Noticed bigmatt's ghost (amateur SpAl)
  3585 | D:4      | Noticed a hornet
  4251 | D:5      | Entered Level 5 of the Dungeon
  4348 | D:5      | Noticed a water moccasin
  4367 | D:4      | Killed a water moccasin
  4368 | D:4      | Reached skill level 5 in Spellcasting
  4667 | D:4      | Reached XP level 7. HP: 23/36 MP: 7/16
  4979 | D:5      | Reached skill level 5 in Stealth
  5218 | D:5      | Reached skill level 5 in Alchemy
  5449 | D:5      | Reached skill level 5 in Dodging
  5834 | D:5      | Learned a level 3 spell: Inner Flame
  5843 | D:5      | Reached * piety under Sif Muna
  5860 | D:5      | Reached XP level 8. HP: 41/41 MP: 5/19
  6118 | D:5      | Identified the +10 rapier of Amorality {elec, Will+ rCorr}
  6197 | D:6      | Reached skill level 6 in Stealth
  6367 | D:6      | Reached skill level 1 in Fire Magic
  7115 | D:6      | Reached ** piety under Sif Muna
  7420 | D:6      | Learned a level 6 spell: Sculpt Simulacrum
  7669 | D:6      | Reached skill level 7 in Stealth
  7669 | D:6      | Reached skill level 1 in Hexes
  7781 | D:7      | Reached skill level 1 in Ice Magic
  7923 | D:7      | Reached XP level 9. HP: 45/45 MP: 6/21
  8799 | D:7      | Reached skill level 8 in Stealth
  9625 | D:8      | Noticed a troll
  9628 | D:8      | Killed a troll
  9802 | D:8      | Killed by an exploding wight... ignited by their inner
                  | flame

Illustrated notes

Levels and vault maps discovered:
D:1:      wander_arrival_fairy_ring, layout_rooms, st_stairs_10
D:2:      layout_loops_ring
D:3:      layout_basic, lemuel_round_altar, mainiacjoe_overflow_catwalk,
          cheibriados_altar_1, mainiacjoe_overflow_catch_the_wave,
          serial_corexii_hall, chequers_hall_statues_wall_a,
          corexii_hall_statues_l, serial_shops, nicolae_diamond_shop
D:4:      layout_loops_ring, nicolae_gozag_seed_capital,
          minmay_temple_entry_mini_moons, ebering_ghost_gozag, kennysheep_dice,
          uniq_blork_the_orc
D:5:      minmay_general_purpose_star, layout_rooms
D:6:      layout_basic
D:7:      layout_gridville, st_stairs_6
D:8:      layout_loops_ring, erik_lair_island, nicolae_straight_to_the_point
Temple:   dshaligram_water_room_temple

Skill      XL: |  1  2  3  4  5  6  7  8  9 |
---------------+----------------------------+-----
Stealth        | 3 4 5 7 8 |  8.6
Dodging        | 3 4 5 6 7 |  7.7
Conjurations   | 2 3 4 |  4.3
Spellcasting   | 4 5 6 7 |  7.0
Alchemy        | 4 5 6 7 |  7.6
Fire Magic     | 2 |  2.7
Hexes          | 2 4 |  4.8
Ice Magic      | 1 4 |  4.0

Action                     |  1- 3 |  4- 6 |  7- 9 || total
---------------------------+-------+-------+-------++-------
  Melee: Unarmed           |     9 |       |       ||     9
   Fire: Sling             |    21 |    60 |    52 ||   133
         Shortbow          |       |       |    93 ||    93
   Cast: Sting             |    70 |    66 |   194 ||   330
         Mercury Vapours   |     2 |    13 |    30 ||    45
         Mephitic Cloud    |       |     7 |    39 ||    46
         Inner Flame       |       |       |    15 ||    15
         Sticky Flame      |       |       |     1 ||     1
  Evoke: Wand              |       |       |     1 ||     1
    Use: Scroll            |       |     6 |     6 ||    12
         Potion            |       |       |     1 ||     1
 Armour: Robe              |     9 |    31 |    77 ||   117
  Dodge: Dodged            |    29 |    29 |   125 ||   183
